 Dungeon Crawl Stone Soup version 0.25-a0-701-gb30f108f01 (webtiles) character file.

Game seed: 15163877864812464048, levelgen mode: deterministic

683 Amnesiac the Thaumaturge (level 7, -2/37 HPs)
             Began as a Deep Elf Wizard on Apr 4, 2020.
             Was an Initiate of Vehumet.
             Slain by a centaur (7 damage)
             ... on level 5 of the Dungeon.
             The game lasted 00:09:20 (5686 turns).

Amnesiac the Thaumaturge (Deep Elf Wizard)          Turns: 5686, Time: 00:09:21

Health: -2/37      AC:  4    Str:  7      XL:     7   Next: 35%
Magic:  1/21       EV: 12    Int: 25      God:    Vehumet [......]
Gold:   210        SH:  4    Dex:  8 (13) Spells: 13/24 levels left

rFire    . . .     SeeInvis .   g - +0 mace (holy)
rCold    . . .     Gourm    .   j - +0 buckler
rNeg     . . .     Faith    .   a - +0 robe
rPois    .         Spirit   .   (no helmet)
rElec    .         Reflect  .   (no cloak)
rCorr    .         Harm     .   q - +0 pair of gloves
MR       .....                  i - +0 pair of boots
Stlth    +++.......             (no amulet)
HPRegen  0.12/turn              m - +3 ring of strength
MPRegen  0.17/turn              s - ring of stealth

@: no status effects
A: no striking features
a: Renounce Religion


You were on level 5 of the Dungeon.
You worshipped Vehumet.
Vehumet was noncommittal.
You were very hungry.

You visited 2 branches of the dungeon, and saw 6 of its levels.

You collected 210 gold pieces.

Inventory:

Hand Weapons
 g - a +0 mace of holy wrath (weapon)
Armour
 a - a +0 robe (worn)
 i - a +0 pair of boots (worn)
 j - a +0 buckler (worn)
 p - +0 pearl dragon scales
 q - a +0 pair of gloves (worn)
Jewellery
 m - a +3 ring of strength (left hand)
 s - a ring of stealth (right hand)
Scrolls
 e - 8 scrolls of remove curse {!r}
 f - 3 scrolls of enchant weapon {!r}
 n - a scroll of fear {!r}
 o - 2 scrolls of enchant armour {!r, unknown}
 t - a scroll of teleportation {!r}
Potions
 b - a potion of heal wounds {!q}
 c - a potion of magic {!q, unknown}
 h - a potion of flight {!q, unknown}
 k - 5 potions of curing {!q, unknown}
 r - a potion of invisibility {!q, unknown}
 u - a potion of might {!q, unknown}
Comestibles
 d - 12 rations


   Skills:
 + Level 0.5 Fighting
 - Level 2.4 Dodging
 - Level 2.4 Stealth
 - Level 4.1 Shields
 * Level 9.1 Spellcasting
 - Level 1.1 Conjurations
 - Level 1.1 Summonings
 - Level 1.1 Translocations


You had 13 spell levels left.
You knew the following spells:

 Your Spells              Type           Power        Failure   Level  Hunger
a - Magic Dart            Conj           ###.         3%          1    None
b - Call Imp              Summ           ###.....     5%          2    None
e - Mephitic Cloud        Conj/Pois/Air  ##......     14%         3    None
s - Conjure Flame         Conj/Fire      ##......     13%         3    None
v - Blink                 Tloc           N/A          5%          2    None

Your spell library contained the following spells:

 Spells                   Type           Power        Failure   Level  Hunger
 Slow                     Hex            ##......     9%          2    None


Dungeon Overview and Level Annotations

Branches:
Dungeon (5/15)             Temple (1/1) D:5

Altars:
Dithmenos
Elyvilon
Gozag
Okawaru
Ru
Trog
Uskayaw
Vehumet
Wu Jian
Xom
Yredelemnul
Zin
The Shining One
Lugonu

Annotations:
D:5 Grinder


Message History

Press: ? - help, Shift-Dir - straight line, f/p - orc wizard
Aim: an orc wizard, wielding a +0 dagger and wearing a +0 robe (almost dead)
The magic dart hits the orc.
The orc is almost dead.
Casting: Magic Dart (safe; 3% risk of failure)
Confirm with . or Enter, or press ? or * to list all spells.
Aiming: Magic Dart (safe; 3% risk of failure)
Press: ? - help, Shift-Dir - straight line, f/p - orc wizard
Aim: an orc wizard, wielding a +0 dagger and wearing a +0 robe (almost dead)
The magic dart hits the orc.
You kill the orc!
Vehumet accepts your kill.
Casting: Magic Dart (safe; 3% risk of failure)
Confirm with . or Enter, or press ? or * to list all spells.
Aiming: Magic Dart (safe; 3% risk of failure)
Press: ? - help, Shift-Dir - straight line, f/p - orc wizard
Aim: an orc wizard, wielding a +0 dagger and wearing a +0 robe (almost dead)
The magic dart hits the orc wizard but does no damage.
The orc wizard is almost dead.
Casting: Magic Dart (safe; 3% risk of failure)
Confirm with . or Enter, or press ? or * to list all spells.
Aiming: Magic Dart (safe; 3% risk of failure)
Press: ? - help, Shift-Dir - straight line, f/p - orc wizard
Aim: an orc wizard, wielding a +0 dagger and wearing a +0 robe (almost dead)
The magic dart hits the orc wizard.
You kill the orc wizard!
Vehumet accepts your kill.
Casting: Magic Dart (safe; 3% risk of failure)
Confirm with . or Enter, or press ? or * to list all spells.
You can't see any susceptible monsters within range! (Use Z to cast anyway.)
Items here: ! $ )) [ a +0 dagger; a +0 robe; 20 gold pieces; a cursed +0 war axe a metallic blue potion {!q} There isn't anything to butcher here.
There isn't anything to butcher here.
There isn't anything to butcher here.
There is an open door here.
Casting: Magic Dart (safe; 3% risk of failure)
Confirm with . or Enter, or press ? or * to list all spells.
A beastly little devil appears in a puff of flame.
The centaur unwields a +0 shortbow.
The centaur hits you.
Casting: Call Imp (safe; 5% risk of failure)
Confirm with . or Enter, or press ? or * to list all spells.
A beastly little devil appears in a puff of flame.
Casting: Call Imp (safe; 5% risk of failure)
Confirm with . or Enter, or press ? or * to list all spells.
A metallic apparition takes form in the air.
Your crimson imp blinks!
The centaur screams, "I'll kill you anyway!"
Casting: Call Imp (safe; 5% risk of failure)
Confirm with . or Enter, or press ? or * to list all spells.
You don't have enough magic to cast that spell.
You hit the centaur but do no damage.
The centaur is moderately wounded.
The centaur seems less confused.
The centaur hits you but does no damage.
The centaur hits you!
* * * LOW HITPOINT WARNING * * *
You hit the centaur but do no damage.
The centaur is heavily wounded.
The centaur hits you!
* * * LOW HITPOINT WARNING * * *
The centaur hits you!
You die...

####.##...#..⌠...⌠..#.#
#.........#.........#.#
#..............>......#
#........##.........#.#
#.........#..⌠...⌠..#.#
#.....5...............#
#........##.........#.#
#....5c5.###.##.##.##.#
#.....@..# #.#.........
####'##### #[..#.#....#
#######.# ###.#.#....#
#....##)# #.#.#....#
##.#.##(# #.#.#....#
#.#.##.# ##........#
#.#.##.# #....#.#...
#.#.##.# #.####.##.#
#.#.##.# #.# #.##.#


You could see a centaur, a friendly iron imp and 2 friendly crimson imps.

Vanquished Creatures
  Eustachio (D:5)
  An ogre (D:5)
  A howler monkey (D:4)
  A bullfrog zombie (D:5)
  A hound (D:4)
  A jelly (D:5)
  An iguana (D:4)
  Jessica (D:3)
  Natasha (D:2)
  An orc wizard (D:5)
  3 worker ants
  4 adders
  An adder skeleton (D:4)
  A worm (D:3)
  3 dart slugs (D:1)
  5 leopard geckos
  12 orcs
  2 ball pythons (D:2)
  2 giant cockroaches
  8 goblins
  3 hobgoblins
  2 jackals (D:2)
  A quokka (D:5)
  6 bats
  6 frilled lizards
  6 kobolds
  3 rats (D:1)
78 creatures vanquished.

Vanquished Creatures (collateral kills)
  A quasit (D:5)
  Natasha (twice) (D:2)
  A worker ant (D:4)
  A gnoll (D:1)
  A ball python zombie (D:5)
6 creatures vanquished.

Grand Total: 84 creatures vanquished

Notes
Turn   | Place    | Note
-------+----------+-------------------------------------------
     0 | D:1      | Amnesiac the Deep Elf Wizard began the quest for the Orb.
     0 | D:1      | Reached XP level 1. HP: 10/10 MP: 7/7
   307 | D:1      | Reached skill level 5 in Spellcasting
   365 | D:1      | Reached XP level 2. HP: 11/15 MP: 8/10
   369 | D:1      | Learned a level 2 spell: Blink
   372 | D:1      | Learned a level 2 spell: Call Imp
   778 | D:1      | Reached skill level 1 in Shields
   782 | D:1      | Reached XP level 3. HP: 5/19 MP: 0/12
  1612 | D:2      | Noticed Natasha
  1653 | D:2      | Killed Natasha
  1653 | D:2      | Reached skill level 6 in Spellcasting
  1653 | D:2      | Reached XP level 4. HP: 17/24 MP: 8/14
  1658 | D:2      | Noticed Natasha
  1667 | D:2      | Killed Natasha
  1715 | D:2      | Found a hide-covered altar of Uskayaw.
  2191 | D:2      | Noticed Natasha
  2209 | D:2      | Killed Natasha
  2292 | D:2      | Found a shadowy altar of Dithmenos.
  2298 | D:2      | Learned a level 3 spell: Conjure Flame
  2302 | D:2      | Learned a level 3 spell: Mephitic Cloud
  2653 | D:3      | Noticed Jessica
  2659 | D:3      | Killed Jessica
  2686 | D:3      | Reached XP level 5. HP: 20/28 MP: 3/16
  2749 | D:3      | Found a glowing golden altar of the Shining One.
  2749 | D:3      | Found a glowing silver altar of Zin.
  2749 | D:3      | Found a white marble altar of Elyvilon.
  3440 | D:4      | Found an iron altar of Okawaru.
  3485 | D:4      | Reached skill level 7 in Spellcasting
  3878 | D:4      | Reached XP level 6. HP: 28/32 MP: 0/18
  4324 | D:5      | Entered Level 5 of the Dungeon
  4376 | D:5      | Found a staircase to the Ecumenical Temple.
  4476 | D:8      | Identified a paperback manual
  4476 | Temple   | Entered the Ecumenical Temple
  4493 | Temple   | Became a worshipper of Vehumet
  4535 | D:5      | Reached skill level 8 in Spellcasting
  4850 | D:5      | Noticed Grinder
  4862 | D:5      | Found a shimmering altar of Xom.
  4949 | D:5      | Noticed Eustachio
  4962 | D:5      | Killed Eustachio
  4962 | D:5      | Reached XP level 7. HP: 33/36 MP: 12/21
  5469 | D:5      | Reached skill level 9 in Spellcasting
  5686 | D:5      | Slain by a centaur

Levels and vault maps discovered:
D:1:      dpeg_arrival_circle_labyrinth_c, layout_basic, corner_web_ring,
          chequers_serial_rivers_room_b, minmay_vboxes
D:2:      layout_basic, eat_drink_and_be_merry_uskayaw,
          overflow_temple_1_default, wad_floor_pattern_untrapped, uniq_natasha
D:3:      layout_loops_ring, good_gods_mini_temple, uniq_jessica
D:4:      layout_basic, okawaru_metal_pillars_1_2
D:5:      layout_basic, minmay_temple_entry_large_hall, first_ration,
          xom_teletrap_fun, uniq_eustachio, uniq_grinder
Temple:   corrupted_temple

Skill      XL: |  1  2  3  4  5  6  7 |
---------------+----------------------+-----
Spellcasting   | 5 6 7 8 9 |  9.1
Shields        | 1 2 3 4 |  4.1
Fighting       | |  0.5
Dodging        | |  2.4
Stealth        | |  2.4
Conjurations   | |  1.1
Summonings     | |  1.1
Translocations | |  1.1

Action                   |  1- 3 |  4- 6 |  7- 9 || total
-------------------------+-------+-------+-------++-------
Melee: Mace              |     8 |    19 |     2 ||    29
 Cast: Magic Dart        |    77 |   165 |    45 ||   287
       Call Imp          |     6 |    17 |     3 ||    26
       Conjure Flame     |       |     7 |     4 ||    11
       Mephitic Cloud    |       |     1 |     5 ||     6
  Use: Scroll            |     1 |     5 |       ||     6
 Stab: Distracted        |       |     1 |       ||     1
  Eat: Chunk             |     2 |    10 |     1 ||    13
Armor: Robe              |     3 |    44 |     3 ||    50
Dodge: Dodged            |    26 |    73 |     8 ||   107
Block: Buckler           |       |    20 |     2 ||    22

Table legend:
 A = Non-vault XP
 B = Vault XP
 C = Vault XP percentage of total XP
 D = Non-vault monster count
 E = Vault monster count
 F = Vault count percentage of total count
                 A         B        C        D         E       F
            +---------+---------+-------+---------+---------+-------
      Total |     714 |     263 |  26.9 |      75 |       9 |  10.7
            +---------+---------+-------+---------+---------+-------
        D:1 |      35 |      17 |  32.7 |      19 |       6 |  24.0
        D:2 |      88 |      18 |  17.0 |      22 |       1 |   4.3
        D:3 |      31 |      37 |  54.4 |       7 |       1 |  12.5
        D:4 |     235 |       0 |   0.0 |      12 |       0 |   0.0
        D:5 |     325 |     191 |  37.0 |      15 |       1 |   6.2
            +---------+---------+-------+---------+---------+-------
